 Dungeon Crawl Stone Soup version 0.27.1-3-gb3d3a73c9e (webtiles) character file.

Game seed: 1616115800144284040

191 jlumianski the Insei (level 5, 0/33 HPs)
             Began as an Octopode Transmuter on Oct 22, 2021.
             Slain by a goblin (3 damage)
             ... on level 3 of the Dungeon.
             The game lasted 00:13:45 (2346 turns).

jlumianski the Insei (Octopode Transmuter)          Turns: 2346, Time: 00:13:46

Health: 0/33       AC:  1    Str: 10    XL:     5   Next: 70%
Magic:  6/8        EV: 13    Int: 16    God:
Gold:   111        SH:  0    Dex: 12    Spells: 6/9 levels left

rFire    . . .     SeeInvis +     - Unarmed
rCold    . . .     Faith    .   (no shield)
rNeg     . . .     Spirit   .   (helmet restricted)
rPois    .         Reflect  .   (no amulet)
rElec    .         Harm     .   j - ring of see invisible
rCorr    .         Rampage  .   (no ring)
Will     .....                  (no ring)
Stlth    +++.......             (no ring)
HPRegen  0.11/turn              (no ring)
MPRegen  0.11/turn              (no ring)
                                (no ring)
                                (no ring)

@: wereblooded
A: almost no armour, amphibious, 8 rings, camouflage 1, gelatinous body 1,
(nimble swimmer 1), tentacles
a: no special abilities


You were on level 3 of the Dungeon.
You visited 1 branch of the dungeon, and saw 3 of its levels.

You collected 166 gold pieces.
You spent 55 gold pieces at shops.

Inventory:

Hand Weapons
 e - a +0 hunting sling
Missiles
 a - 46 stones
 i - 24 sling bullets
 k - 7 silver javelins
 m - 23 bolts
Jewellery
 j - a ring of see invisible (left tentacle)
Scrolls
 b - a scroll of immolation {unknown}
 f - 2 scrolls of fear {unknown}
 l - a scroll of silence {unknown}
 p - a scroll of magic mapping
Potions
 c - a potion of brilliance
 g - a potion of lignification
 h - a potion of attraction
 n - a potion of heal wounds
 o - a potion of mutation {unknown}


   Skills:
 + Level 1.2 Fighting
 + Level 0.4 Slings
 + Level 2.9 Dodging
 + Level 2.8 Stealth
 + Level 4.5 Unarmed Combat
 + Level 2.5 Spellcasting
 + Level 2.5 Transmutations


You had 6 spell levels left.
You knew the following spells:

 Your Spells              Type           Power      Damage    Failure   Level
a - Beastly Appendage     Tmut           20%        N/A       7%          1
b - Wereblood             Tmut           10%        N/A       11%         2

Your spell library contained the following spells:

 Spells                   Type           Power      Damage    Failure   Level
 Animate Skeleton         Necr           4%         N/A       21%         1
 Apportation              Tloc           4%         N/A       21%         1
 Corona                   Hex            2%         N/A       21%         1
 Summon Small Mammal      Summ           8%         N/A       21%         1
 Spider Form              Tmut/Pois      3%         N/A       34%         3
 Gell's Gravitas          Tloc           1%         N/A       52%         3
 Inner Flame              Hex/Fire       2%         N/A       52%         3
 Lesser Beckoning         Tloc           1%         N/A       52%         3
 Teleport Other           Tloc           2%         N/A       52%         3
 Ice Form                 Ice/Tmut       6%         N/A       75%         4
 Cause Fear               Hex            1%         N/A       89%         4
 Discord                  Hex            1%         N/A       100%        8


Dungeon Overview and Level Annotations

Branches:
Dungeon (3/15)

Altars:

Shops:
D:3 *


Innate Abilities, Weirdness & Mutations

You cannot wear most types of armour.
You are amphibious.
You can wear up to eight rings at the same time.
Your skin changes colour to match your surroundings (Stealth+).
Your rubbery body absorbs attacks. (AC +1, EV +1)
((You are camouflaged near water. (Stealth+)))
You have tentacles for arms and can constrict up to eight enemies at once.


Message History

A goblin comes into view. It is wielding a +0 club.
You tentacle-slap the bat. Your grab misses the bat.
The bat is moderately wounded.
The bat hits you but does no damage. The bat misses you.
You miss the bat. You grab the bat.
The bat is moderately wounded.
You constrict the bat. The bat barely misses you.
The bat struggles to escape constriction.
The bat barely misses you.
You tentacle-slap the bat.
You feel a bit better.
You kill the bat!
The orc closely misses you.
Your magical contamination has completely faded away.
You barely miss the orc. Your grab misses the orc.
The orc completely misses you. The orc barely misses you.
You howl as the wereblood boils in your veins!
The orc hits you with a +0 mace. The orc hits you with a +0 hand axe.
The orc hits you but does no damage. The orc misses you.
You bludgeon the orc!
You feel a bit better.
You kill the orc!
The orc closely misses you. The goblin hits you with a +0 club.
The orc closely misses you. The orc hits you with a +0 club.
You tentacle-slap the orc. Your grab misses the orc.
Your squeeze misses the orc.
The orc is severely wounded.
The orc misses you. The goblin hits you with a +0 club.
The orc hits you with a +1 trident of protection!
The orc hits you with a +0 club.
* * * LOW HITPOINT WARNING * * *
You closely miss the orc. You grab the orc. You squeeze the orc.
You feel a bit better.
You kill the orc!
The goblin hits you with a +0 club.
* * * LOW HITPOINT WARNING * * *
The orc barely misses you. The orc hits you with a +0 club.
* * * LOW HITPOINT WARNING * * *
You closely miss the orc. You grab the orc.
You constrict the orc, but do no damage.
The goblin hits you with a +0 club.
You die...

.........#..
......##.#.# #######+###
......# #.# #..........
......# #.# #..........
.....># #.# #..........
.....###+#.# #..........
...........# #...?......
...........# #.o)o......
...........# #..@)......
##.........###...g......
###.######......!.......
.........'..............
....######..............
....# #..............
....# #.......####...
....# ######### ...
....#


You could see 2 orcs and a goblin.

Vanquished Creatures
  A black bear (D:3)
  3 adders
  A worm (D:2)
  2 dart slugs (D:3)
  3 orcs (D:3)
  6 ball pythons
  7 bats
  A bat zombie (D:2)
  6 endoplasms
  2 giant cockroaches (D:1)
  5 goblins
  8 hobgoblins
  4 jackals (D:2)
  4 kobolds (D:2)
  A quokka (D:1)
  A ball python skeleton (D:2)
  A ball python zombie (D:2)
  A frilled lizard (D:3)
  5 rats
62 creatures vanquished.

Notes
Turn   | Place    | Note
-------+----------+-------------------------------------------
     0 | D:1      | jlumianski the Octopode Transmuter began the quest for the
                  | Orb.
     0 | D:1      | Reached XP level 1. HP: 13/13 MP: 3/3
   235 | D:1      | Reached XP level 2. HP: 15/18 MP: 5/5
   243 | D:1      | Learned a level 2 spell: Wereblood
  1047 | D:2      | Reached XP level 3. HP: 18/23 MP: 2/6
  1154 | D:2      | Reached skill level 1 in Stealth
  1684 | D:2      | Reached XP level 4. HP: 28/28 MP: 5/7
  1799 | D:3      | Reached skill level 4 in Unarmed Combat
  1907 | D:3      | Found Ocununn's General Store.
  1917 | D:3      | Bought a scroll of identify for 20 gold pieces
  1917 | D:3      | Bought a scroll of magic mapping for 35 gold pieces
  2003 | D:3      | Noticed a black bear
  2014 | D:3      | Killed a black bear
  2015 | D:3      | Reached XP level 5. HP: 13/33 MP: 6/8
  2346 | D:3      | Slain by a goblin

Illustrated notes

Levels and vault maps discovered:
D:1:      dpeg_arrival_houses_and_road, layout_basic, minmay_tall_x
D:2:      layout_rooms, serial_undead, serial_undead_e, serial_undead_e,
          serial_undead_b, serial_undead_e
D:3:      layout_basic, shapermc_ecumenical_altar_ellora, serial_shops,
          nicolae_shop_stone

Skill      XL: |  1  2  3  4 |
---------------+-------------+-----
Stealth        | 1 2 |  2.8
Unarmed Combat | 4 |  4.5
Fighting       | |  1.2
Slings         | |  0.4
Dodging        | |  2.9
Spellcasting   | |  2.5
Transmutations | |  2.5

Action                   |  1- 3 |  4- 6 || total
-------------------------+-------+-------++-------
Melee: Unarmed           |    96 |    39 ||   135
       Constrict         |    24 |    11 ||    35
       Tentacles         |     9 |     6 ||    15
       Kick              |     4 |     3 ||     7
       Punch             |     2 |       ||     2
 Fire: Hunting sling     |     3 |       ||     3
 Cast: Beastly Appendage |     7 |     3 ||    10
       Wereblood         |     4 |     1 ||     5
  Use: Scroll            |       |     4 ||     4
 Stab: Sleeping          |     6 |     5 ||    11
Armor: Skin              |    13 |     3 ||    16
Dodge: Dodged            |    74 |    34 ||   108
